 Dungeon Crawl Stone Soup version 0.23.2-1-ga50397a6bc (webtiles) character file.

Game seed: 12584519831840304546

6644 WabbitTwacks the Geomancer (level 11, -1/60 HPs)
             Began as a Gargoyle Earth Elementalist on May 15, 2019.
             Was a Priest of Makhleb.
             Slain by a spiny frog (20 damage)
             ... on level 1 of the Lair of Beasts.
             The game lasted 01:13:48 (7680 turns).

WabbitTwacks the Geomancer (GrEE)                   Turns: 7680, Time: 01:13:49

Health: -1/60      AC: 12    Str: 10 (13) XL:     11   Next: 2%
Magic:  14/23      EV: 13    Int: 16 (18) God:    Makhleb [***...]
Gold:   474        SH:  0    Dex:  9 (10) Spells: 1/27 levels left

rFire    x . .     SeeInvis .   J - +10 morningstar "Eos" {elec, Halo rElec}
rCold    + + .     Gourm    .   (no shield)
rNeg     + . .     Faith    .   F - +2 robe {rC+}
rPois    ∞         Spirit   .   (no helmet)
rElec    +         Reflect  .   (no cloak)
rCorr    .         Harm     .   (no gloves)
MR       .....                  (no boots)
Stlth    ++........             D - amulet of regeneration
HPRegen  0.60/turn              g - ring of ice
MPRegen  0.18/turn              N - ring of stealth

@: about to teleport, very slightly contaminated, glowing
A: negative energy resistance 1, electricity resistance, unbreathing,
petrification resistance, rot immunity, AC +8
a: Minor Destruction, Lesser Servant of Makhleb, Renounce Religion


You were on level 1 of the Lair of Beasts.
You worshipped Makhleb.
Makhleb was most pleased with you.
You were not hungry.

You visited 2 branches of the dungeon, and saw 9 of its levels.

You collected 474 gold pieces.

Inventory:

Hand Weapons
 p - a +0 dagger of speed
 q - a cursed +0 spear
 t - a +0 vampiric falchion
 v - a +1 dagger of protection
 J - the +10 morningstar "Eos" (weapon) {elec, Halo rElec}
   (You found it on level 7 of the Dungeon)

   Occasionally, upon striking a foe, it will discharge some electrical energy
   and cause terrible harm.
   It insulates you from electricity.
Missiles
 M - 29 stones (quivered)
Armour
 c - a +1 robe
 C - the +5 ring mail of Mumblety Peg {rF- Str+3 Dex+3}
   (You found it on level 5 of the Dungeon)

   It affects your strength (+3).
   It affects your dexterity (+3).
   It makes you vulnerable to fire.
 F - a +2 robe of cold resistance (worn)
Magical Staves
 B - an uncursed staff of fire
Jewellery
 g - a ring of ice (left hand)
 y - an uncursed ring of fire
 D - an amulet of regeneration (around neck)
 H - an uncursed ring of teleportation
 N - a ring of stealth (right hand)
Wands
 E - a wand of iceblast (16)
Scrolls
 a - 5 scrolls of remove curse
 d - a scroll of fog
 e - 2 scrolls of enchant weapon
 h - 7 scrolls of identify
 j - 2 scrolls of teleportation
Potions
 b - a potion of lignification
 f - a potion of brilliance {unknown}
 i - 2 potions of heal wounds
 l - a potion of agility
 m - 2 potions of cancellation {unknown}
 n - 2 potions of flight
 o - a potion of degeneration
 s - 8 potions of curing {unknown}
 w - 3 potions of magic {unknown}
 x - a potion of resistance {unknown}
 z - a potion of might {unknown}
 G - 2 potions of mutation {unknown}
 K - 2 potions of ambrosia {unknown}
 L - a potion of haste {unknown}
Comestibles
 A - 6 rations


   Skills:
 + Level 3.9 Fighting
 + Level 7.4 Maces & Flails
 + Level 0.4(4.5) Staves
 + Level 3.5 Dodging
 + Level 3.6 Stealth
 + Level 0.3 Unarmed Combat
 + Level 8.8 Spellcasting
 + Level 2.4 Conjurations
 + Level 1.9 Transmutations
 + Level 0.2 Ice Magic
 + Level 11.0 Earth Magic


You had one spell level left.
You knew the following spells:

 Your Spells              Type           Power        Failure   Level  Hunger
a - Sandblast             Erth           #####.       1%          1    None
b - Passwall              Tmut/Erth      ####....     1%          2    None
c - Stone Arrow           Conj/Erth      ####..       1%          3    #......
d - Petrify               Tmut/Erth      ####....     7%          4    ###....
e - Lee's Rapid Deconstr  Erth           #####.....   3%          5    #####..
f - Borgnjor's Vile Clut  Necr/Erth      ###.......   28%         5    #####..
g - Throw Frost           Conj/Ice       ###...       9%          2    None
h - Summon Ice Beast      Ice/Summ       ##......     67%         4    ###....

Your spell library contained the following spells:

 Spells                   Type           Power        Failure   Level  Hunger
 Summon Small Mammal      Summ           #...         11%         1    None
 Call Imp                 Summ           #.......     16%         2    None
 Call Canine Familiar     Summ           #.......     30%         3    #......
 Summon Guardian Golem    Hex/Summ       #.......     30%         3    #......
 Bolt of Magma            Conj/Fire/Erth ###.......   41%         5    #####..
 Summon Lightning Spire   Summ/Air       #.......     71%         4    ###....


Dungeon Overview and Level Annotations

Branches:
Dungeon (8/15)             Temple (0/1) D:5            Lair (1/6) D:8

Altars:
Ashenzari
Elyvilon
Kikubaaqudgha
Makhleb
Okawaru
Ru
Xom
Yredelemnul
The Shining One

Annotations:
D:4 Duvessa
D:7 1 runed translucent door, Crazy Yiuf


Innate Abilities, Weirdness & Mutations

You are resistant to torment.
Your stone body is resilient. (AC +8)
You are immune to poison.
You resist negative energy. (rN+)
You are resistant to electric shocks. (rElec)
You can survive without breathing.
You are immune to petrification.
You are immune to rotting.


Message History

The yak bellows!
A yak comes into view.
The yak gores you! The spiny frog closely misses you.
Casting: Throw Frost (safe; 9% risk of failure)
Confirm with . or Enter, or press ? or * to list all spells.
The spell is very dangerous to cast (67% risk of failure)!
Continue anyway? [Y]es or [N]o only, please.
The spell is very dangerous to cast (67% risk of failure)!
Continue anyway?
You feel a surge of power!
You miscast Summon Ice Beast.
You are very lightly contaminated with residual magic.
Space twists in upon itself!
The yak bellows!
A spatial vortex comes into view.
The spiny frog stings you!
* * * LOW HITPOINT WARNING * * *
A yak comes into view.
The yak closely misses you.
As you read the scroll of teleportation, it crumbles to dust.
You feel strangely unstable. The spiny frog stings you!!
You die...

..Y..#..# .Y..#..##
.Y.....# .######.....#
.......Y....#
....$.......#
.......FY...##
.......@.....#
......v.....##
...#######...# .
#######...# #.....'..##
....##....##....P#..#
...........##....##..#
.....##....####P.##..#
..##..#....#####.##..##


You could see a spatial vortex, 5 yaks and a spiny frog.

Vanquished Creatures
  Pikel (D:6)
  Maurice (D:8)
  A rime drake (Lair:1)
  A komodo dragon (Lair:1)
  A troll (D:8)
  A wraith (D:8)
  A wyvern (D:6)
  6 yaks (Lair:1)
  A hungry ghost (D:8)
  2 wargs (D:8)
  Menkaure (D:4)
  2 water moccasins
  2 porcupines (Lair:1)
  4 orc warriors
  A sky beast (D:7)
  An ice beast (D:8)
  2 necrophages (D:8)
  An ogre (D:7)
  2 centaurs
  2 crocodiles (Lair:1)
  2 bullfrogs
  A gnoll sergeant (D:7)
  Dowan (D:4)
  A water moccasin skeleton (D:5)
  A howler monkey (D:8)
  4 wights (D:6)
  A troll skeleton (D:8)
  A bullfrog zombie (D:8)
  4 crimson imps
  3 hounds
  5 human zombies (D:8)
  7 orc priests
  A bullfrog skeleton (D:5)
  A jelly (D:7)
  7 orc wizards
  A centaur skeleton (D:4)
  2 iguanas
  5 worker ants
  A hound zombie (D:7)
  2 mummies (D:8)
  A hound skeleton (D:4)
  2 worker ant zombies
  9 adders
  9 gnolls
  2 shadow imps (D:7)
  An adder skeleton (D:6)
  4 worms
  3 dart slugs
  2 leopard geckos
  28 orcs
  5 ball pythons
  6 giant cockroaches
  10 goblins
  7 hobgoblins
  4 jackals
  4 quokkas
  5 bats
  8 frilled lizards
  7 kobolds
  An orc zombie (D:8)
  A quokka skeleton (D:5)
  7 rats
211 creatures vanquished.

Vanquished Creatures (others)
  A slave (D:6)
  An ogre (D:6)
  A bullfrog (D:6)
  A bullfrog zombie (D:6)
  2 orc wizards (D:6)
  7 orcs (D:6)
  A quokka (D:6)
14 creatures vanquished.

Grand Total: 225 creatures vanquished

Notes
Turn   | Place    | Note
-------+----------+-------------------------------------------
     0 | D:1      | WabbitTwacks the Gargoyle Earth Elementalist began the
                  | quest for the Orb.
     0 | D:1      | Reached XP level 1. HP: 10/10 MP: 3/3
   117 | D:1      | Reached XP level 2. HP: 9/15 MP: 0/5
   199 | D:1      | Learned a level 2 spell: Passwall
   289 | D:1      | Reached skill level 4 in Earth Magic
   571 | D:1      | Reached XP level 3. HP: 18/19 MP: 4/6
   926 | D:2      | Found a sacrificial altar of Ru.
   929 | D:2      | Reached XP level 4. HP: 24/24 MP: 3/8
  1479 | D:2      | Reached skill level 5 in Earth Magic
  1479 | D:2      | Reached XP level 5. HP: 28/28 MP: 5/9
  1804 | D:2      | Learned a level 3 spell: Stone Arrow
  1809 | D:2      | Learned a level 4 spell: Petrify
  2009 | D:3      | Found a burning altar of Makhleb.
  2010 | D:3      | Noticed a balrug
  2014 | D:3      | Noticed a smoke demon
  2014 | D:3      | Noticed a smoke demon
  2016 | D:3      | Became a worshipper of Makhleb the Destroyer
  2150 | D:3      | Found an iron altar of Okawaru.
  2601 | D:3      | Found a faded altar of an unknown god.
  2824 | D:4      | Reached skill level 1 in Transmutations
  3060 | D:4      | Noticed Menkaure
  3071 | D:4      | Killed Menkaure
  3071 | D:4      | Reached XP level 6. HP: 32/32 MP: 1/12
  3073 | D:4      | Noticed a yak
  3073 | D:4      | Noticed a yak
  3073 | D:4      | Noticed a yak
  3073 | D:4      | Noticed a yak
  3073 | D:4      | Noticed a yak
  3175 | D:4      | Noticed Duvessa
  3175 | D:4      | Noticed Dowan
  3181 | D:4      | Killed Dowan
  3684 | D:5      | Entered Level 5 of the Dungeon
  3693 | D:5      | Reached XP level 7. HP: 37/37 MP: 10/13
  3780 | D:5      | Reached skill level 6 in Earth Magic
  3784 | D:5      | Found a staircase to the Ecumenical Temple.
  3965 | D:5      | Got a smelly ring mail
  3976 | D:5      | Identified the +5 ring mail of Mumblety Peg {rF- Str+3
                  | Dex+3} (You found it on level 5 of the Dungeon)
  4133 | D:5      | Reached skill level 5 in Spellcasting
  4398 | D:5      | Reached skill level 7 in Earth Magic
  4454 | D:5      | Reached * piety under Makhleb
  4531 | D:6      | Noticed Pikel
  4547 | D:6      | Killed Pikel
  4547 | D:6      | Reached skill level 1 in Fighting
  4547 | D:6      | Reached skill level 8 in Earth Magic
  4547 | D:6      | Reached XP level 8. HP: 33/43 MP: 7/17
  4994 | D:6      | Killed a freed slave
  5043 | D:6      | Noticed a wyvern
  5055 | D:6      | Killed a wyvern
  5055 | D:6      | Reached skill level 1 in Conjurations
  5055 | D:6      | Reached skill level 9 in Earth Magic
  5055 | D:6      | Reached XP level 9. HP: 25/47 MP: 7/19
  5437 | D:7      | Reached ** piety under Makhleb
  5501 | D:7      | Found a shattered altar of Ashenzari.
  5612 | D:7      | Found a white marble altar of Elyvilon.
  5616 | D:7      | Reached skill level 10 in Earth Magic
  5698 | D:7      | Found a glowing golden altar of the Shining One.
  5700 | D:7      | Noticed an angel
  5713 | D:7      | Found a basalt altar of Yredelemnul.
  5715 | D:7      | Noticed a profane servitor
  5922 | D:7      | Found the +10 morningstar "Eos" {elec, Halo rElec}
  5931 | D:7      | Found a runed translucent door.
  5932 | D:7      | Noticed Crazy Yiuf
  6333 | D:8      | Found a staircase to the Lair.
  6362 | D:8      | Reached skill level 1 in Maces & Flails
  6362 | D:8      | Reached XP level 10. HP: 32/52 MP: 3/22
  6375 | D:8      | Reached skill level 11 in Earth Magic
  6380 | D:8      | Reached *** piety under Makhleb
  6652 | D:8      | Found a shimmering altar of Xom.
  6725 | D:8      | Found an ancient bone altar of Kikubaaqudgha.
  6914 | D:8      | Identified the Catalogue of the Congealing Rocks
  6982 | D:8      | Noticed Maurice
  6990 | D:8      | Killed Maurice
  6990 | D:8      | Reached skill level 5 in Maces & Flails
  7093 | D:8      | Learned a level 5 spell: Lee's Rapid Deconstruction
  7099 | D:8      | Learned a level 5 spell: Borgnjor's Vile Clutch
  7102 | D:8      | Learned a level 2 spell: Throw Frost
  7340 | Lair:1   | Entered Level 1 of the Lair of Beasts
  7482 | Lair:1   | Learned a level 4 spell: Summon Ice Beast
  7531 | Lair:1   | Reached XP level 11. HP: 60/60 MP: 0/23
  7680 | Lair:1   | Slain by a spiny frog

Skill      XL: |  1  2  3  4  5  6  7  8  9 10 |
---------------+-------------------------------+-----
Earth Magic    | 4 5 8 9 10 11 | 11.0
Spellcasting   | 3 4 6 7 8 |  8.8
Dodging        | 2 3 |  3.5
Stealth        | 3 |  3.6
Transmutations | 1 |  1.9
Fighting       | 1 3 |  3.9
Conjurations   | 1 2 |  2.4
Maces & Flails | 1 7 |  7.4
Staves         | |  0.4
Unarmed Combat | |  0.3
Ice Magic      | |  0.2

Action                   |  1- 3 |  4- 6 |  7- 9 | 10-12 || total
-------------------------+-------+-------+-------+-------++-------
Melee: Unarmed           |    29 |       |       |       ||    29
       Hand axe          |     5 |    11 |       |       ||    16
       Dagger            |       |    39 |     1 |       ||    40
       Punch             |       |     1 |       |     1 ||     2
       Staff             |       |       |    22 |       ||    22
       Morningstar       |       |       |    19 |   113 ||   132
Throw: Stone             |       |     1 |     1 |       ||     2
 Cast: Sandblast         |    26 |    80 |   150 |       ||   256
       Stone Arrow       |       |    19 |    18 |    21 ||    58
       Passwall          |       |     2 |     1 |     2 ||     5
       Petrify           |       |     1 |     1 |     2 ||     4
       Throw Frost       |       |       |       |    13 ||    13
       Borgnjor's Vile C |       |       |       |     1 ||     1
  Use: Scroll            |     2 |     4 |     3 |     8 ||    17
       Potion            |       |     1 |       |     5 ||     6
 Stab: Paralysed         |       |     4 |       |       ||     4
       Distracted        |       |     1 |       |       ||     1
  Eat: Ration            |       |     4 |     2 |     2 ||     8
Armor: Robe              |    18 |    27 |    35 |    43 ||   123
       Skin              |       |       |       |    23 ||    23
Dodge: Dodged            |    45 |    68 |    82 |    83 ||   278
